TOP OF THE 1ST |
San Bernardino Grasshoppers batting - Pitching for Virginia Beach Deuces : LHP Pat Horton
|
Pitching: LHP Pat Horton
|
|
Batting: RHB Randy Tucker
|
0-0: Ball 1-0: Foul Ball, location: 2F 1-1: Called Strike 1-2: Foul Ball, location: 2F 1-2: Ground out 6-3 (Groundball, 6M)
|
Batting: RHB José Paz
|
0-0: Ball 1-0: Foul Ball, location: 2F 1-1: Ball 2-1: Ball 3-1: Called Strike 3-2: Foul Ball, location: 2F 3-2: Base on Balls
|
Batting: RHB Alfonso Enríquez
|
0-0: Ball 1-0: Ball 2-0: Fly out, F8 (Flyball, 89XD)
|
Batting: RHB Jaime López
|
0-0: Ball 1-0: Called Strike 1-1: Fly out, F8 (Flyball, 8RXD)
|
Top of the 1st over - 0 run(s), 0 hit(s), 0 error(s), 1 left on base; San Bernardino 0 - Virginia Beach 0 |
BOTTOM OF THE 1ST |
Virginia Beach Deuces batting - Pitching for San Bernardino Grasshoppers : RHP Jorge Cruz
|
Pitching: RHP Jorge Cruz
|
|
Batting: RHB Herman Cook
|
0-0: Ball 1-0: Foul Ball, location: 2F 1-1: Ball 2-1: Foul Ball, location: 2F 2-2: Ground out 4-3 (Groundball, 4)
|
Batting: RHB Peter Baker
|
0-0: Ground out 6-3 (Groundball, 6)
|
Batting: RHB José Ramírez
|
0-0: Ball 1-0: Called Strike 1-1: Swinging Strike 1-2: Foul Ball, location: 2F 1-2: SINGLE (Line Drive, 8RS)
|
Batting: LHB Salvadaro Meireles
|
0-0: Called Strike 0-1: Foul Ball, location: 2F 0-2: Ball 1-2: Ball 2-2: Strikes out swinging
|
Bottom of the 1st over - 0 run(s), 1 hit(s), 0 error(s), 1 left on base; San Bernardino 0 - Virginia Beach 0 |
TOP OF THE 2ND |
San Bernardino Grasshoppers batting - Pitching for Virginia Beach Deuces : LHP Pat Horton
|
Batting: RHB Gerry Bourke
|
0-0: Reached on Error, E8 (Flyball, 8RS)
|
Batting: RHB Iván Miranda
|
0-0: Ball 1-0: Called Strike 1-1: Called Strike 1-2: Strikes out swinging
|
Batting: RHB Henry Cameron
|
0-0: Called Strike 0-1: Ball 1-1: Called Strike 1-2: Ball 2-2: Strikes out swinging
|
Batting: RHB Pepe Méndez
|
0-0: Ball 1-0: Ball 2-0: Fielders Choice at 2nd, 5-4 (Groundball, 56)
|
Top of the 2nd over - 0 run(s), 0 hit(s), 1 error(s), 0 left on base; San Bernardino 0 - Virginia Beach 0 |
BOTTOM OF THE 2ND |
Virginia Beach Deuces batting - Pitching for San Bernardino Grasshoppers : RHP Jorge Cruz
|
Batting: SHB Esteban Márquez
|
0-0: Swinging Strike 0-1: Foul Ball, location: 2F 0-2: Ball 1-2: Ball 2-2: Ball 3-2: Strikes out swinging
|
Batting: RHB José Bravo
|
0-0: Foul Ball, location: 2F 0-1: Ball 1-1: Fly out, F8 (Line Drive, 8LD)
|
Batting: SHB José Quintero
|
0-0: Foul Ball, location: 2F 0-1: Swinging Strike 0-2: Ball 1-2: Strikes out swinging
|
Bottom of the 2nd over - 0 run(s), 0 hit(s), 0 error(s), 0 left on base; San Bernardino 0 - Virginia Beach 0 |
TOP OF THE 3RD |
San Bernardino Grasshoppers batting - Pitching for Virginia Beach Deuces : LHP Pat Horton
|
Batting: SHB Bernardo Hernández
|
0-0: Ball 1-0: Bunt for hit - play at first, batter OUT! 5-3
|
Batting: RHB Randy Tucker
|
0-0: Ball 1-0: Fly out, F8 (Flyball, 8LM)
|
Batting: RHB José Paz
|
0-0: Fly out, F1 (Flyball, 15)
|
Top of the 3rd over - 0 run(s), 0 hit(s), 0 error(s), 0 left on base; San Bernardino 0 - Virginia Beach 0 |
BOTTOM OF THE 3RD |
Virginia Beach Deuces batting - Pitching for San Bernardino Grasshoppers : RHP Jorge Cruz
|
Batting: LHB Stephen Baird
|
0-0: Ball 1-0: Ball 2-0: Ball 3-0: Base on Balls
|
Batting: RHB Dana Akers
|
0-0: Called Strike 0-1: Foul Ball, location: 2F 0-2: Ball 1-2: Strikes out swinging
|
Batting: RHB Herman Cook
|
0-0: Called Strike 0-1: Ball 1-1: Ball 2-1: Ball 3-1: Ground out 5-3 (Groundball, 5S) Stephen Baird to second
|
Batting: RHB Peter Baker
|
0-0: TRIPLE (Flyball, 8LXD) Stephen Baird scores
|
Batting: RHB José Ramírez
|
0-0: Ball 1-0: Ball 2-0: SINGLE (Line Drive, 6M) Peter Baker scores
|
Batting: LHB Salvadaro Meireles
|
0-0: Called Strike 0-1: Ball 1-1: Called Strike 1-2: Strikes out swinging
|
Bottom of the 3rd over - 2 run(s), 2 hit(s), 0 error(s), 1 left on base; San Bernardino 0 - Virginia Beach 2 |
TOP OF THE 4TH |
San Bernardino Grasshoppers batting - Pitching for Virginia Beach Deuces : LHP Pat Horton
|
Batting: RHB Alfonso Enríquez
|
0-0: Ball 1-0: Ball 2-0: Ball 3-0: Called Strike 3-1: Fly out, F8 (Flyball, 8LXD)
|
Batting: RHB Jaime López
|
0-0: Ball 1-0: SINGLE (Line Drive, 6M)
|
Batting: RHB Gerry Bourke
|
0-0: Ball 1-0: Ball 2-0: Called Strike 2-1: Foul Ball, location: 2F 2-2: Foul Ball, location: 2F 2-2: Strikes out swinging Jaime López steals 2nd base Batter strikes out.
|
Batting: RHB Iván Miranda
|
0-0: Fly out, F3 (Popup, 3)
|
Top of the 4th over - 0 run(s), 1 hit(s), 0 error(s), 1 left on base; San Bernardino 0 - Virginia Beach 2 |
BOTTOM OF THE 4TH |
Virginia Beach Deuces batting - Pitching for San Bernardino Grasshoppers : RHP Jorge Cruz
|
Batting: SHB Esteban Márquez
|
0-0: Foul Ball, location: 2F 0-1: Ball 1-1: Swinging Strike 1-2: Foul Ball, location: 2F 1-2: Foul Ball, location: 2F 1-2: SINGLE (Line Drive, 34)
|
Batting: RHB José Bravo
|
0-0: Called Strike 0-1: Foul Ball, location: 2F 0-2: Foul Ball, location: 2F 0-2: DOUBLE (Flyball, 7LS) Esteban Márquez to third
|
Batting: SHB José Quintero
|
0-0: Ball 1-0: Reached on Error, E7 (Line Drive, 78S) Esteban Márquez scores José Bravo to third
|
Batting: LHB Stephen Baird
|
0-0: Called Strike 0-1: Foul Ball, location: 2F 0-2: Ground out 3-1 (Groundball, 34S) José Bravo scores José Quintero to second
|
Batting: RHB Dana Akers
|
0-0: Ball 1-0: Foul Ball, location: 2F 1-1: Foul Ball, location: 2F 1-2: Ball 2-2: Foul Ball, location: 2F 2-2: Foul Ball, location: 2F 2-2: Ball 3-2: Base on Balls
|
Batting: RHB Herman Cook
|
0-0: Called Strike 0-1: Foul Ball, location: 2F 0-2: Foul Ball, location: 2F 0-2: Fly out, F8 (Flyball, 8RD) Runner from 2nd tags up, SAFE at 3rd, no throw
|
Batting: RHB Peter Baker
|
0-0: Called Strike 0-1: Ball 1-1: Ball 2-1: Called Strike 2-2: Ball 3-2: Foul Ball, location: 2F 3-2: Foul Ball, location: 2F 3-2: Foul Ball, location: 2F 3-2: Base on Balls Dana Akers to second
|
Batting: RHB José Ramírez
|
0-0: Called Strike 0-1: Swinging Strike 0-2: Ball 1-2: Strikes out looking
|
Bottom of the 4th over - 2 run(s), 2 hit(s), 1 error(s), 3 left on base; San Bernardino 0 - Virginia Beach 4 |
TOP OF THE 5TH |
San Bernardino Grasshoppers batting - Pitching for Virginia Beach Deuces : LHP Pat Horton
|
Batting: RHB Henry Cameron
|
0-0: Ball 1-0: Called Strike 1-1: Foul Ball, location: 2F 1-2: Fly out, F7 (Flyball, 78S)
|
Batting: RHB Pepe Méndez
|
0-0: Ball 1-0: Ball 2-0: Foul Ball, location: 2F 2-1: Called Strike 2-2: Strikes out looking
|
Batting: SHB Bernardo Hernández
|
0-0: Called Strike 0-1: Foul Ball, location: 2F 0-2: Ball 1-2: Strikes out swinging
|
Top of the 5th over - 0 run(s), 0 hit(s), 0 error(s), 0 left on base; San Bernardino 0 - Virginia Beach 4 |
BOTTOM OF THE 5TH |
Virginia Beach Deuces batting - Pitching for San Bernardino Grasshoppers : RHP Jorge Cruz
|
Batting: LHB Salvadaro Meireles
|
0-0: Foul Ball, location: 2F 0-1: Ball 1-1: Ball 2-1: Ball 3-1: Fly out, F4 (Line Drive, 4MD)
|
Batting: SHB Esteban Márquez
|
0-0: Called Strike 0-1: Called Strike 0-2: Foul Ball, location: 2F 0-2: Ball 1-2: Ball 2-2: Foul Ball, location: 2F 2-2: Ground out 4-3 (Groundball, 4)
|
Batting: RHB José Bravo
|
0-0: Called Strike 0-1: Ball 1-1: Ball 2-1: Ball 3-1: Swinging Strike 3-2: Foul Ball, location: 2F 3-2: Base on Balls
|
Pitching: RHP Ken Snyder
|
|
Batting: SHB José Quintero
|
0-0: Ball 1-0: Ball 2-0: Ball 3-0: Base on Balls José Bravo to second
|
Batting: LHB Stephen Baird
|
0-0: Ball 1-0: SINGLE (Groundball, 34D) José Bravo to third José Quintero to second Runner from 3rd tries for Home, SAFE, no throw or cutoff
|
Batting: RHB Dana Akers
|
0-0: SINGLE (Line Drive, 3) José Quintero to third Stephen Baird to second
|
Batting: RHB Herman Cook
|
0-0: Ball 1-0: Called Strike 1-1: DOUBLE (Groundball, 5L) José Quintero scores Stephen Baird scores Dana Akers to third Runner from 3rd tries for Home, throw and OUT!
|
Bottom of the 5th over - 3 run(s), 3 hit(s), 0 error(s), 1 left on base; San Bernardino 0 - Virginia Beach 7 |
TOP OF THE 6TH |
San Bernardino Grasshoppers batting - Pitching for Virginia Beach Deuces : LHP Pat Horton
|
Batting: RHB Randy Tucker
|
0-0: Called Strike 0-1: Foul Ball, location: 2F 0-2: Ball 1-2: SINGLE (Groundball, 6MD) (infield hit)
|
Batting: RHB José Paz
|
0-0: Ball 1-0: Called Strike Randy Tucker is caught stealing 2nd base 1-1: Ball 2-1: Foul Ball, location: 2F 2-2: Foul Ball, location: 2F 2-2: Ground out 2-3 (Groundball, 2R)
|
Batting: RHB Alfonso Enríquez
|
0-0: Called Strike 0-1: Swinging Strike 0-2: Strikes out swinging
|
Top of the 6th over - 0 run(s), 1 hit(s), 0 error(s), 0 left on base; San Bernardino 0 - Virginia Beach 7 |
BOTTOM OF THE 6TH |
Virginia Beach Deuces batting - Pitching for San Bernardino Grasshoppers : RHP Ken Snyder
|
Batting: RHB Peter Baker
|
0-0: Ball 1-0: Called Strike 1-1: Ground out 5-3 (Groundball, 5S)
|
Batting: RHB José Ramírez
|
0-0: Called Strike 0-1: Foul Ball, location: 2F 0-2: Fly out, F7 (Flyball, 7LD)
|
Batting: LHB Salvadaro Meireles
|
0-0: Foul Ball, location: 2F 0-1: Ball 1-1: Ball 2-1: Foul Ball, location: 2F 2-2: Ball 3-2: Base on Balls
|
Batting: SHB Esteban Márquez
|
0-0: Called Strike 0-1: Foul Ball, location: 2F 0-2: Foul Ball, location: 2F 0-2: Ball 1-2: SINGLE (Line Drive, 34D) Salvadaro Meireles to second
|
Batting: RHB José Bravo
|
0-0: Foul Ball, location: 2F 0-1: Ball 1-1: Swinging Strike 1-2: 3-RUN HOME RUN (Flyball, 9D), Distance : 374 ft
|
Pitching: RHP Fabiano Cavallini
|
|
Batting: SHB José Quintero
|
0-0: Ball 1-0: Foul Ball, location: 2F 1-1: Ball 2-1: Ball 3-1: Called Strike 3-2: Foul Ball, location: 2F 3-2: Foul Ball, location: 2F 3-2: Foul Ball, location: 2F 3-2: Base on Balls
|
Pinch Hitting: LHB Jay Carlson
|
0-0: Ground out 4-3 (Groundball, 34)
|
Bottom of the 6th over - 3 run(s), 2 hit(s), 0 error(s), 1 left on base; San Bernardino 0 - Virginia Beach 10 |
TOP OF THE 7TH |
San Bernardino Grasshoppers batting - Pitching for Virginia Beach Deuces : LHP Pat Horton
|
Now in LF: Jay Carlson
|
|
Batting: RHB Jaime López
|
0-0: Fly out, F7 (Flyball, 7M)
|
Batting: RHB Gerry Bourke
|
0-0: Ball 1-0: Called Strike 1-1: Ball 2-1: Swinging Strike 2-2: Ground out 6-3 (Groundball, 6M)
|
Batting: RHB Iván Miranda
|
0-0: Ball 1-0: Ball 2-0: Foul Ball, location: 2F 2-1: Fly out, F9 (Line Drive, 89M)
|
Top of the 7th over - 0 run(s), 0 hit(s), 0 error(s), 0 left on base; San Bernardino 0 - Virginia Beach 10 |
BOTTOM OF THE 7TH |
Virginia Beach Deuces batting - Pitching for San Bernardino Grasshoppers : RHP Fabiano Cavallini
|
Batting: RHB Dana Akers
|
0-0: Fly out, F9 (Flyball, 89M)
|
Batting: RHB Herman Cook
|
0-0: Ball 1-0: Ball 2-0: Ball 3-0: Base on Balls
|
Batting: RHB Peter Baker
|
0-0: Ball 1-0: Fielders Choice at 2nd, 4-6 (Groundball, 4)
|
Batting: RHB José Ramírez
|
0-0: Called Strike 0-1: Called Strike 0-2: Foul Ball, location: 2F 0-2: Ball 1-2: Ground out 4-3 (Groundball, 34S)
|
Bottom of the 7th over - 0 run(s), 0 hit(s), 0 error(s), 1 left on base; San Bernardino 0 - Virginia Beach 10 |
TOP OF THE 8TH |
San Bernardino Grasshoppers batting - Pitching for Virginia Beach Deuces : LHP Pat Horton
|
Batting: RHB Henry Cameron
|
0-0: SINGLE (Groundball, 4M)
|
Batting: RHB Pepe Méndez
|
0-0: Ball 1-0: Called Strike 1-1: Foul Ball, location: 2F 1-2: Ball 2-2: Ball 3-2: Ground out 5-3 (Groundball, 5S) Henry Cameron to second
|
Batting: SHB Bernardo Hernández
|
0-0: Ball 1-0: Ball 2-0: Called Strike 2-1: Foul Ball, location: 2F 2-2: Foul Ball, location: 2F 2-2: Foul Ball, location: 2F 2-2: Foul Ball, location: 2F 2-2: Foul Ball, location: 2F 2-2: Ball 3-2: Ground out 1-3 (Groundball, 13S) Henry Cameron to third
|
Batting: RHB Randy Tucker
|
0-0: Ground out 6-3 (Groundball, 6)
|
Top of the 8th over - 0 run(s), 1 hit(s), 0 error(s), 1 left on base; San Bernardino 0 - Virginia Beach 10 |
BOTTOM OF THE 8TH |
Virginia Beach Deuces batting - Pitching for San Bernardino Grasshoppers : RHP Fabiano Cavallini
|
Batting: LHB Salvadaro Meireles
|
0-0: Ball 1-0: Ball 2-0: Ball 3-0: Called Strike 3-1: Called Strike 3-2: Foul Ball, location: 2F 3-2: Foul Ball, location: 2F 3-2: Foul Ball, location: 2F 3-2: Foul Ball, location: 2F 3-2: Ground out 4-3 (Groundball, 4M)
|
Batting: SHB Esteban Márquez
|
0-0: Fly out, F7 (Flyball, 78S)
|
Pinch Hitting: RHB Jim Unknown
|
0-0: Ball 1-0: Ball 2-0: Ground out 2-3 (Groundball, 25)
|
Bottom of the 8th over - 0 run(s), 0 hit(s), 0 error(s), 0 left on base; San Bernardino 0 - Virginia Beach 10 |
TOP OF THE 9TH |
San Bernardino Grasshoppers batting - Pitching for Virginia Beach Deuces : LHP Pat Horton
|
Now at 1B: Jim Unknown
|
|
Batting: RHB José Paz
|
0-0: Fly out, F9 (Flyball, 9M)
|
Batting: RHB Alfonso Enríquez
|
0-0: Ball 1-0: Foul Ball, location: 2F 1-1: Ball 2-1: Ground out 5-3 (Groundball, 56)
|
Batting: RHB Jaime López
|
0-0: Ball 1-0: Called Strike 1-1: SINGLE (Groundball, 34S)
|
Batting: RHB Gerry Bourke
|
0-0: Ground out 4-3 (Groundball, 4)
|
Top of the 9th over - 0 run(s), 1 hit(s), 0 error(s), 1 left on base; San Bernardino 0 - Virginia Beach 10 |
|